 Dungeon Crawl Stone Soup version 0.30-a0-883-g5ad918d77d (webtiles) character file.

Game seed: 257334124949239989

249295 gelatine the Marksdemonspawn (level 19, -1/153 HPs)
             Began as a Demonspawn Hunter on Mar 15, 2023.
             Was an Elder of Qazlal.
             Slain by an iron troll (16 damage)
             ... on level 1 of the Depths on Mar 16, 2023.
             The game lasted 03:05:05 (38386 turns).

gelatine the Marksdemonspawn (Demonspawn Hunter)   Turns: 38386, Time: 03:05:07

Health: -1/153     AC: 26    Str: 14    XL:     19   Next: 60%
Magic:  13/28      EV: 25    Int: 14    God:    Qazlal [****..]
Gold:   592        SH: 13    Dex: 23    Spells: 21/30 levels left

rFire   . . .      SeeInvis .    d - +5 demon blade (vamp)
rCold   + . .      Faith    .    U - +1 buckler {rN+}
rNeg    + + .      Spirit   .    K - +3 leather armour of Bad Feelings {Rampage Dex+2 Slay+3}
rPois   .          Reflect  .    x - +2 helmet
rElec   .          Rampage  +    E - +2 cloak {rCorr}
rCorr   +                        (gloves unavailable)
Will    +....                    g - +2 pair of boots
Stlth   +++                      H - amulet of regeneration
HPRegen 1.25/turn                X - ring of the Centipede {rF+ rN+ Str-3 Int+3 Stlth+}
MPRegen 0.21/turn                t - ring of flight

@: mighty, agile, portalling projectiles, sanguine armoured, flying, repel
missiles
A: powered by pain 3, spiny 3, black mark, sanguine armour 2, bedeviling,
demonic touch 3, cold resistance 1, strong 1, heat vulnerability 1
a: Renounce Religion, Upheaval, Elemental Force


You were on level 1 of the Depths.
You worshipped Qazlal.
Qazlal was greatly pleased with you.
You visited 8 branches of the dungeon, and saw 33 of its levels.
You visited the Abyss 1 time.
You visited 1 bazaar.
You also visited: Sewer and Ossuary.

You collected 2980 gold pieces.
You spent 2388 gold pieces at shops.

Inventory:

Hand Weapons
 a - a +4 arbalest of draining
 d - a +5 vampiric demon blade (weapon)
 y - the +3 long sword of Acsatha {flame, rPois rN+ rCorr Stlth+}
   (You found it on level 2 of the Elven Halls)

   rPois:     It protects you from poison.
   rN:        It protects you from negative energy.
   rCorr:     It protects you from acid and corrosion.
   Stlth:     It makes you more stealthy.
 V - a +2 heavy arbalest
Armour
 e - the +2 leather armour of Knowledge {Fly rF+ Will+ Str+2}
   (You bought it in a shop on level 1 of the Elven Halls)

   Str:       It affects your strength (+2).
   rF:        It protects you from fire.
   Fly:       It grants you flight.
   Will:      It increases your willpower.
 g - a +2 pair of boots (worn)
 o - a +2 robe of willpower
 x - a +2 helmet (worn)
 B - the +1 robe of the Devil {rPois Slay+2}
   (You found it on level 11 of the Dungeon)

   Slay:      It affects your accuracy & damage with ranged weapons and melee
   (+2).
   rPois:     It protects you from poison.
 E - a +2 cloak of preservation (worn)
 K - the +3 leather armour of Bad Feelings (worn) {Rampage Dex+2 Slay+3}
   (You found it on level 11 of the Dungeon)

   Dex:       It affects your dexterity (+2).
   Slay:      It affects your accuracy & damage with ranged weapons and melee
   (+3).
   Rampage:   It bestows one free step when moving towards enemies.
 P - a +0 troll leather armour
 U - a +1 buckler of positive energy (worn)
 Z - a scarf of invisibility
Jewellery
 c - a ring of protection from cold
 j - an amulet of the acrobat
 k - a ring of wizardry
 l - a ring of willpower
 t - a ring of flight (right hand)
 G - a ring of positive energy
 H - an amulet of regeneration (around neck)
 I - a ring of protection from fire
 O - a ring of willpower
 T - a ring of see invisible
 X - the ring of the Centipede (left hand) {rF+ rN+ Str-3 Int+3 Stlth+}
   (You took it off an orc priest on level 9 of the Dungeon)

   [ring of positive energy]

   Str:       It affects your strength (-3).
   Int:       It affects your intelligence (+3).
   rF:        It protects you from fire.
   rN:        It protects you from negative energy.
   Stlth:     It makes you more stealthy.
Wands
 m - a wand of roots (8)
 C - a wand of polymorph (6)
 J - a wand of charming (3) (quivered)
 L - a wand of mindburst (12)
 Q - a wand of digging (16)
Scrolls
 b - 10 scrolls of immolation
 f - 12 scrolls of teleportation
 h - 2 scrolls of enchant armour
 i - 7 scrolls of poison
 r - 5 scrolls of magic mapping
 v - 2 scrolls of summoning
 M - 6 scrolls of vulnerability
 R - a scroll of brand weapon
 S - a scroll of silence
 W - a scroll of blinking
Potions
 n - 2 potions of resistance
 p - 4 potions of magic
 q - 5 potions of ambrosia
 s - 4 potions of haste
 u - 7 potions of brilliance
 w - 2 potions of flight
 z - 3 potions of cancellation
 A - 2 potions of curing
 D - 3 potions of invisibility
 F - a potion of heal wounds
Miscellaneous
 N - a box of beasts


   Skills:
 * Level 14.5 Fighting
 * Level 1.7 Long Blades
 * Level 19.1 Ranged Weapons
 * Level 10.3 Armour
 * Level 11.3 Dodging
 + Level 6.1 Stealth
 * Level 8.6 Shields
 + Level 0.6 Unarmed Combat
 + Level 6.3 Spellcasting
 * Level 10.3 Hexes
 + Level 6.1 Translocations
 * Level 12.8 Invocations
 + Level 1.2 Evocations


You had 21 spell levels left.
You knew the following spells:

 Your Spells              Type           Power      Damage    Failure   Level
a - Portal Projectile     Hex/Tloc       82%        N/A       2%          3
b - Tukima's Dance        Hex            50%        N/A       1%          3
c - Confusing Touch       Hex            50%        N/A       1%          3

Your spell library contained the following spells:

 Spells                   Type           Power      Damage    Failure   Level
 Slow                     Hex            100%       N/A       1%          1
 Summon Guardian Golem    Hex/Summ       28%        N/A       8%          3
 Manifold Assault         Tloc           21%        N/A       19%         4
 Passage of Golubria      Tloc           21%        N/A       19%         4
 Necrotise                Necr           16%        1d4       22%         1
 Sandblast                Erth           8%         2d5       22%         1
 Summon Small Mammal      Summ           16%        N/A       22%         1
 Anguish                  Hex/Necr       14%        N/A       26%         4
 Cigotuvi's Dreadful Rot  Necr/Pois/Air  8%         N/A       34%         2
 Passwall                 Tmut/Erth      3%         N/A       34%         2
 Poisonous Vapours        Pois/Air       8%         N/A       34%         2
 Scorch                   Fire           8%         2d5       34%         2
 Sublimation of Blood     Necr           4%         N/A       34%         2
 Wereblood                Tmut           4%         N/A       34%         2
 Call Canine Familiar     Summ           4%         N/A       56%         3
 Mephitic Cloud           Conj/Pois/Air  4%         N/A       56%         3
 Stone Arrow              Conj/Erth      8%         3d7       56%         3
 Swiftness                Air            4%         N/A       56%         3
 Vampiric Draining        Necr           4%         2d6       56%         3
 Metabolic Englaciation   Hex/Ice        14%        N/A       58%         5
 Animate Armour           Summ/Erth      8%         N/A       92%         4
 Animate Dead             Necr           4%         N/A       92%         4
 Dispel Undead            Necr           4%         3d7       92%         4
 Flame Wave               Conj/Fire      4%         2d5       92%         4
 Petrify                  Tmut/Erth      4%         N/A       92%         4
 Dispersal                Tloc           10%        N/A       95%         6
 Enfeeble                 Hex            25%        N/A       95%         7
 Agony                    Necr           4%         N/A       99%         5
 Alistair's Intoxication  Tmut/Pois      2%         N/A       99%         5
 Blade Hands              Tmut           2%         N/A       99%         5
 Borgnjor's Vile Clutch   Necr/Erth      2%         N/A       99%         5
 Fireball                 Conj/Fire      2%         3d4       99%         5
 Iskenderun's Battlesphe  Conj           4%         2d6       99%         5
 Conjure Ball Lightning   Conj/Air       2%         3x3d6     100%        6
 Death Channel            Necr           2%         N/A       100%        6
 Iron Shot                Conj/Erth      2%         9d2       100%        6
 Statue Form              Tmut/Erth      2%         N/A       100%        6
 Summon Cactus Giant      Summ           2%         N/A       100%        6
 Orb of Destruction       Conj           2%         9d5       100%        7
 Spellforged Servitor     Conj/Summ      2%         N/A       100%        7
 Summon Hydra             Summ           2%         N/A       100%        7
 Disjunction              Tloc           10%        N/A       100%        8
 Necromutation            Tmut/Necr      2%         N/A       100%        8


Dungeon Overview and Level Annotations

Branches:
Dungeon (15/15)            Temple (1/1) D:6            Lair (5/5) D:9
  Swamp (3/4) Lair:3       Spider (3/4) Lair:3        Slime (0/5) Lair:4
    Orc (2/2) D:10            Elf (3/3) Orc:2        Vaults (0/5) D:14
 Depths (1/4) D:15          Sewer (visited)         Ossuary (visited)

Altars:
Ashenzari
Cheibriados
Dithmenos
Fedhas
Gozag
Hepliaklqana
Kikubaaqudgha
Makhleb
Nemelex Xobeh
Okawaru
Qazlal
Ru
Sif Muna
Trog
Uskayaw
Vehumet
Wu Jian
Xom
Yredelemnul
Jiyva

Shops:
D:1 *   D:12 *(:!   D:13 :   D:15 (   Orc:2 =***   Elf:1 !*[

Portals:
Trove: D:14 (give 16 scrolls of teleportation)


Innate Abilities, Weirdness & Mutations

You are powered by pain.
You are completely covered in sharp spines.
Your melee attacks may debilitate your foes.
When seriously injured, your blood forms thick armour. (AC +9)
Your hexes are more powerful.
Your touch may irresistibly damage your foes and sap their willpower.
Your flesh is cold resistant. (rC+)
Your muscles are strong. (Str +4, Int/Dex -1)
You are vulnerable to heat. (rF-)


Message History

Your fire elemental is destroyed!
Your fire elemental disappears in a puff of smoke!
You slash the iron troll!
You feel better.
The iron troll is severely wounded.
You block the iron troll's attack. x3; Your deep troll bites the iron troll!
Your deep troll claws the iron troll.
Your deep troll claws the iron troll but does no damage.
The deep troll shaman barely misses your deep troll.
The deep troll shaman claws your deep troll! x2
Your deep troll dies!
The iron troll is struck by your spines.
The iron troll barely misses you. The iron troll claws you.
The iron troll claws you but does no damage.
The deep troll shaman shouts!
You hit the iron troll but do no damage.
The iron troll is severely wounded.
The iron troll barely misses you. The iron troll claws you!!
You focus on the pain.
You feel very mighty all of a sudden.
Your blood congeals into armour.
The iron troll barely misses you.
The deep troll shaman closely misses you.
The deep troll shaman claws you but does no damage.
You block the deep troll shaman's attack.
You slash the deep troll shaman!
You feel better.
You kill the deep troll shaman!
Qazlal accepts your kill. The iron troll bites you!! The iron troll claws you!
You focus on the pain.
You feel mightier all of a sudden. The iron troll claws you!!
* * * LOW HITPOINT WARNING * * *
You focus on the pain.
You feel agile all of a sudden.
You slash the iron troll!
The iron troll is almost dead.
The iron troll completely misses you. You block the iron troll's attack.
The iron troll completely misses you. The iron troll bites you!!
* * * LOW HITPOINT WARNING * * *
The iron troll claws you but does no damage.
The iron troll claws you!
You die...

##...##..........#####
#......>..............
#...........).........
#...............>.....
#........^............
######................
#.................
###..§.............#
#..@†§.)........####
#°.T.§<[...[..#####
#.☼.)†........#...#
####.......#......#
#......##......#
#########.....##
###...# #####


You could see an iron troll (fast, strong).

Vanquished Creatures
  Mara (Swamp:3)
  Saint Roka (Elf:2)
  Nikola (Swamp:3)
  Jorgrun (D:10)
  Mlioglotl (Swamp:3)
  Asterion (Elf:1)
  Agnes (Elf:1)
  Kirke (Lair:4)
  A tentacled starspawn (Abyss:3)
  A thorn hunter (Swamp:3)
  Donald (Swamp:3)
  A deep elf sorcerer (Elf:2)
  An emperor scorpion (Spider:2)
  3 orc warlords
  3 very ugly things
  2 deep elf elementalists (Elf:3)
  A broodmother (Spider:1)
  3 deep elf annihilators (Elf:3)
  7 eleionomae
  A spark wasp (Spider:3)
  3 bunyips
  An eidolon (Abyss:3)
  Josephine (Swamp:1)
  A green death (Abyss:3)
  An ettin (Orc:2)
  A deep elf high priest (Elf:2)
  3 deep elf death magi
  A shambling mangrove (Swamp:1)
  2 entropy weavers
  2 fire dragons (D:15)
  A spriggan air mage (Depths:1)
  A ghost crab (Swamp:3)
  A rakshasa (D:13)
  2 ogre magi (Orc:2)
  7 boulder beetles
  10 hydras
  6 radroaches
  A jorogumo (Spider:3)
  3 catoblepae
  A death knight (Abyss:3)
  11 centaur warriors
  2 tengu warriors (D:14)
  3 death yaks (Lair:5)
  23 dancing weapons
  A merfolk avatar (Lair:5)
  8 alligators
  12 two-headed ogres
  A deep troll shaman (Depths:1)
  4 hell hogs (Abyss:3)
  Urug (D:14)
  2 spriggan berserkers
  A thrashing horror (Abyss:3)
  20 deep elf knights
  A shadow wraith (Abyss:3)
  2 goliath frogs
  2 skysharks (Lair:2)
  A sun moth (Spider:2)
  5 skeletal warriors
  A sea snake (Lair:5)
  A spriggan druid (Swamp:1)
  3 deep trolls
  A death drake (Swamp:3)
  A flayed ghost (Abyss:3)
  5 pharaoh ants
  3 orb spiders (Spider:2)
  3 swamp dragons
  11 deep elf archers
  3 harpies (Lair:5)
  2 bog bodies
  A lindwurm (Lair:3)
  7 steelbarb worms
  23 deep elf pyromancers
  8 wolf spiders
  5 necromancers
  20 deep elf zephyrmancers
  3 orc knights
  11 large abominations
  3 oklob plants (Lair:4)
  2 orc sorcerers (Orc:1)
  5 manticores
  An ugly thing (D:13)
  2 moths of wrath
  8 cyclopes
  7 elephants
  5 slime creatures
  4 torpor snails
  A black mamba (shapeshifter) (D:14)
  6 demonic crawlers (Spider:2)
  A smoke demon (Abyss:3)
  The ghost of Sobieck the Sneak, a novice SpEE of Ashenzari (D:6)
  4 black mambas
  2 gargoyles (D:12)
  9 komodo dragons
  14 cane toads
  An unseen horror (Abyss:3)
  Psyche (D:10)
  4 rime drakes
  4 freezing wraiths
  2 efreet
  A tengu conjurer (Depths:1)
  A queen bee (shapeshifter) (D:15)
  4 polar bears
  9 hornets
  A hornet (shapeshifter) (D:15)
  17 trolls
  A dream sheep (Lair:3)
  16 tarantellas
  14 tyrant leeches
  2 snapping turtles (Lair:5)
  10 blink frogs
  7 raiju (Abyss:3)
  4 small abominations (Abyss:3)
  15 jumping spiders
  20 culicivoras
  A centaur simulacrum (D:15)
  2 water elementals
  An air elemental (Elf:2)
  A ynoxinul (Abyss:3)
  7 spriggans
  40 yaks
  8 wyverns
  A shadow (D:9)
  2 fire elementals
  7 wraiths
  16 humans
  6 basilisks
  5 hogs (Lair:4)
  39 redbacks
  5 steam dragons
  6 vampire mosquitoes
  A chaos spawn (Abyss:3)
  13 swamp worms
  3 wargs
  A swamp worm (shapeshifter) (D:15)
  3 acid dragons
  A water moccasin (shapeshifter) (D:13)
  20 water moccasins
  An ice beast (D:7)
  A sky beast (D:7)
  32 orc warriors
  A black bear (shapeshifter) (D:13)
  23 ogres
  2 black bears
  3 phantoms
  6 centaurs
  5 kobold brigands
  3 elf zombies (Elf:1)
  10 bullfrogs
  3 gnoll sergeants
  2 earth elementals
  3 scorpions
  Dowan (D:5)
  4 centaur zombies (Ossuary)
  8 howler monkeys
  A lava snake (Lair:3)
  Crazy Yiuf (D:3)
  3 jellies
  14 orc priests
  4 starcursed masses (Abyss:3)
  2 hounds
  3 sleepcaps
  Terence (D:3)
  14 orc wizards
  Ijyb (D:3)
  An iguana (D:5)
  6 mummies (Ossuary)
  Robin (D:2)
  15 gnolls
  13 adders
  3 river rats (Sewer)
  3 shadow imps (D:6)
  A white imp (D:6)
  An ufetubus (D:6)
  2 worms
  A dart slug (D:3)
  100 orcs
  15 ball pythons
  8 endoplasms
  2 giant cockroaches
  12 hobgoblins
  8 jackals
  6 quokkas
  3 bats
  8 frilled lizards
  12 goblins
  4 hobgoblin zombies (Ossuary)
  23 kobolds
  8 rats
  A starspawn tentacle (Abyss:3)
1101 creatures vanquished.

Vanquished Creatures (collateral kills)
  Rupert (D:14)
  An orc warlord (Orc:2)
  A very ugly thing (Depths:1)
  An ettin (Depths:1)
  A rakshasa (D:14)
  2 dancing weapons (Elf:2)
  A goliath frog (Swamp:3)
  A steelbarb worm (Swamp:2)
  A deep elf pyromancer (Elf:2)
  7 elephants (Lair:2)
  A molten gargoyle (Lair:3)
  A tyrant leech (Swamp:2)
  A warg (Orc:1)
  A swamp worm (Swamp:3)
  9 orc warriors
  An ogre (Orc:1)
  A hound (D:5)
  An orc priest (Orc:1)
  3 orc wizards
  A white imp (D:6)
  6 orcs
43 creatures vanquished.

Vanquished Creatures (others)
  A frost giant (Depths:1)
  A bunyip (Swamp:3)
  A deep troll (Depths:1)
  A bloated husk (Swamp:3)
  A fire elemental (Elf:1)
  A swamp worm (Swamp:3)
  Duvessa (D:5)
  A bullfrog (Lair:3)
  An orc wizard (D:9)
  A gnoll bouda (D:6)
  A river rat (Lair:2)
  2 orcs
  40 fungi
  A lurking horror (Abyss:3)
  84 plants
  13 starspawn tentacles (Abyss:3)
151 creatures vanquished.

Grand Total: 1295 creatures vanquished

Notes
Turn   | Place    | Note
-------+----------+-------------------------------------------
     0 | D:1      | gelatine the Demonspawn Hunter began the quest for the Orb.
     0 | D:1      | Reached XP level 1. HP: 16/16 MP: 1/1
   113 | D:1      | Gained mutation: Your touch may inflict minor irresistible
                  | damage on your foes. [demonic ancestry]
   113 | D:1      | Reached XP level 2. HP: 22/22 MP: 2/2
   114 | D:1      | Reached skill level 4 in Ranged Weapons
   315 | D:1      | Reached XP level 3. HP: 19/27 MP: 3/3
   364 | D:1      | Found Votsiet's Assorted Antiques.
   378 | D:1      | Bought a green potion for 19 gold pieces
   378 | D:1      | Bought a glowing coppery potion for 19 gold pieces
   378 | D:1      | Bought a fizzy purple potion for 19 gold pieces
   734 | D:2      | Reached skill level 1 in Stealth
   894 | D:2      | Gained mutation: You are partially covered in sharp spines.
                  | [demonic ancestry]
   894 | D:2      | Reached XP level 4. HP: 34/34 MP: 4/4
   899 | D:2      | Noticed Robin
   913 | D:2      | Killed Robin
   918 | D:2      | Reached skill level 5 in Ranged Weapons
  1219 | D:1      | Bought a scroll labelled EBUAFI KAXTA for 22 gold pieces
  1305 | D:3      | Noticed a water moccasin
  1312 | D:3      | Killed a water moccasin
  1313 | D:3      | Reached skill level 1 in Evocations
  1313 | D:3      | Gained mutation: When seriously injured, your blood forms
                  | armour. (AC +9) [demonic ancestry]
  1313 | D:3      | Reached XP level 5. HP: 35/39 MP: 5/5
  1611 | D:3      | Found a burning altar of Makhleb.
  1612 | D:3      | Noticed an angel
  1612 | D:3      | Noticed a balrug
  1659 | D:3      | Found a runed translucent door.
  1659 | D:3      | Noticed Ijyb
  1664 | D:3      | Killed Ijyb
  1665 | D:3      | Reached skill level 1 in Armour
  1665 | D:3      | Noticed Crazy Yiuf
  1850 | D:3      | Noticed Terence
  1858 | D:3      | Killed Terence
  1859 | D:3      | Gained mutation: You sometimes gain a little power by
                  | taking damage. [demonic ancestry]
  1859 | D:3      | Reached XP level 6. HP: 40/46 MP: 6/6
  2024 | D:3      | Found a sacrificial altar of Ru.
  2056 | D:3      | Found a faded altar of an unknown god.
  2326 | D:3      | Killed Crazy Yiuf
  2466 | D:4      | Reached skill level 6 in Ranged Weapons
  3078 | D:4      | You fall into a shaft and drop 2 floors!
  3082 | D:6      | Found a glowing drain.
  3094 | Sewer    | Entered a sewer
  3184 | Sewer    | Reached XP level 7. HP: 51/52 MP: 7/7
  3748 | D:5      | Entered Level 5 of the Dungeon
  4014 | D:5      | Reached skill level 7 in Ranged Weapons
  4026 | D:5      | Noticed Dowan
  4031 | D:5      | Noticed Duvessa
  4035 | D:5      | Killed Dowan
  4044 | D:5      | Gained mutation: You sometimes gain power by taking damage.
                  | [demonic ancestry]
  4044 | D:5      | Reached XP level 8. HP: 16/59 MP: 8/8
  4136 | D:5      | Killed Duvessa
  4282 | D:5      | Found a sand-covered staircase.
  4287 | Ossuary  | Entered an ossuary
  4317 | Ossuary  | Reached skill level 8 in Ranged Weapons
  5659 | D:6      | Noticed Sobieck's ghost (novice SpEE)
  5678 | D:6      | Found a runed translucent gate.
  5678 | D:6      | Found a runed translucent gate.
  5680 | D:6      | Found a runed translucent gate.
  5907 | D:6      | Found a staircase to the Ecumenical Temple.
  5918 | Temple   | Entered the Ecumenical Temple
  5926 | Temple   | Became a worshipper of Qazlal Stormbringer
  6063 | D:6      | Reached skill level 9 in Ranged Weapons
  6339 | D:6      | Found a sparkling altar of Nemelex Xobeh.
  6485 | D:7      | Reached XP level 9. HP: 60/66 MP: 9/9
  6773 | D:7      | Reached skill level 5 in Fighting
  7212 | D:8      | Reached * piety under Qazlal
  7239 | D:8      | Noticed a two-headed ogre
  7273 | D:7      | Killed a two-headed ogre
  7274 | D:7      | Reached skill level 10 in Ranged Weapons
  7668 | D:8      | Found a shimmering blue altar of Sif Muna.
  7823 | D:8      | Gained mutation: You are mostly covered in sharp spines.
                  | [demonic ancestry]
  7823 | D:8      | Reached XP level 10. HP: 46/75 MP: 10/10
  8134 | D:8      | Learned a level 3 spell: Portal Projectile
  8268 | D:9      | Found a basalt altar of Yredelemnul.
  8268 | D:9      | Found a bloodstained altar of Trog.
  8270 | D:9      | Found an opulent altar of Gozag.
  8400 | D:9      | Identified the ring of the Centipede {rF+ rN+ Str-3 Int+3
                  | Stlth+}
  8584 | D:9      | Reached skill level 1 in Hexes
  8610 | D:9      | Reached skill level 1 in Invocations
  8615 | D:9      | Reached skill level 11 in Ranged Weapons
  8784 | D:9      | Reached skill level 1 in Translocations
  8786 | D:9      | Reached ** piety under Qazlal
  8790 | D:9      | Reached skill level 1 in Spellcasting
  8849 | D:9      | Found a staircase to the Lair.
  8971 | D:9      | Found a shadowy altar of Dithmenos.
  9189 | D:6      | Killed Sobieck's ghost
  9623 | Lair:1   | Entered Level 1 of the Lair of Beasts
  9736 | Lair:1   | Noticed a cane toad
  9744 | Lair:1   | Killed a cane toad
  9962 | Lair:1   | Noticed a cane toad
  9966 | Lair:1   | Killed a cane toad
  9967 | Lair:1   | Reached skill level 5 in Stealth
  9967 | Lair:1   | Reached XP level 11. HP: 83/83 MP: 13/13
 10922 | Lair:2   | Reached skill level 12 in Ranged Weapons
 11193 | Lair:2   | Reached skill level 5 in Dodging
 11383 | Lair:2   | Gained mutation: Your movements are slightly less
                  | encumbered by armour. (ER -2) [potion of mutation]
 11487 | Lair:2   | Reached skill level 1 in Shields
 11842 | Lair:2   | Noticed a skyshark
 11869 | Lair:2   | Killed a skyshark
 11870 | Lair:2   | Reached skill level 5 in Armour
 12229 | Lair:3   | Noticed a pharaoh ant
 12234 | Lair:3   | Killed a pharaoh ant
 12234 | Lair:3   | Reached *** piety under Qazlal
 12235 | Lair:3   | Gained mutation: Your touch may inflict irresistible damage
                  | on your foes. [demonic ancestry]
 12235 | Lair:3   | Reached XP level 12. HP: 91/91 MP: 16/16
 12255 | Lair:3   | Noticed a catoblepas
 12264 | Lair:3   | Found a hole to the Spider Nest.
 12301 | Lair:2   | Killed a catoblepas
 12302 | Lair:2   | Reached skill level 13 in Ranged Weapons
 12774 | Lair:3   | Reached skill level 5 in Invocations
 13690 | Lair:3   | Noticed a four-headed hydra
 13699 | Lair:3   | Killed a four-headed hydra
 14063 | Lair:3   | Found a staircase to the Swamp.
 14123 | Lair:3   | Noticed a six-headed hydra
 14133 | Lair:3   | Killed a six-headed hydra
 14272 | Lair:3   | Noticed a catoblepas
 14310 | Lair:3   | Killed a catoblepas
 14718 | D:10     | Entered Level 10 of the Dungeon
 14753 | D:10     | Reached skill level 5 in Hexes
 14753 | D:10     | Gained mutation: You are completely covered in sharp
                  | spines. [demonic ancestry]
 14753 | D:10     | Reached XP level 13. HP: 99/99 MP: 17/19
 14809 | D:10     | Noticed Psyche
 14820 | D:10     | Killed Psyche
 14887 | D:10     | Found a snail-covered altar of Cheibriados.
 15152 | D:10     | Reached skill level 14 in Ranged Weapons
 15205 | D:10     | Found a staircase to the Orcish Mines.
 15906 | Orc:1    | Entered Level 1 of the Orcish Mines
 15912 | Orc:1    | Noticed an orc warlord
 16068 | D:11     | Identified the +3 leather armour of Bad Feelings {Rampage
                  | Dex+2 Slay+3}
 16153 | D:11     | Gained mutation: When seriously injured, your blood forms
                  | thick armour. (AC +9) [demonic ancestry]
 16153 | D:11     | Reached XP level 14. HP: 102/106 MP: 20/20
 16237 | D:11     | Found a shimmering altar of Xom.
 16239 | D:11     | Found a shimmering altar of Xom.
 16239 | D:11     | Found a shimmering altar of Xom.
 16265 | D:11     | Identified the +1 robe of the Devil {rPois Slay+2}
 16333 | D:11     | Reached skill level 5 in Spellcasting
 16333 | D:11     | Reached skill level 5 in Translocations
 16333 | D:11     | Gained mutation: Your hexes are more powerful. [demonic
                  | ancestry]
 16333 | D:11     | Reached XP level 15. HP: 113/113 MP: 20/22
 16338 | D:11     | Learned a level 3 spell: Tukima's Dance
 17362 | D:12     | Found Biusar Ukle's Antique Weapon Shop.
 17415 | D:12     | Found Tuompeli's Book Shop.
 17423 | D:12     | Bought a book of Debilitation for 260 gold pieces
 17804 | D:12     | Found a gateway to a bazaar.
 17843 | Bazaar   | Entered a bazaar
 17897 | Bazaar   | Found Ixeud's Book Emporium.
 17956 | Bazaar   | Found Ylitseost's Antique Weapon Boutique.
 17973 | Bazaar   | Found Xaaptuny's Antique Weapon Emporium.
 17992 | Bazaar   | Found Ileupn's Distillery.
 17997 | Bazaar   | Bought a potion of heal wounds for 70 gold pieces
 18151 | D:12     | Found Etzefife's Distillery.
 18158 | D:12     | Bought a potion of heal wounds for 75 gold pieces
 18158 | D:12     | Bought a potion of heal wounds for 75 gold pieces
 18158 | D:12     | Bought a potion of heal wounds for 75 gold pieces
 18158 | D:12     | Bought a potion of heal wounds for 75 gold pieces
 18269 | D:12     | Found Ineos's Assorted Antiques.
 18577 | Spider:1 | Entered Level 1 of the Spider Nest
 18818 | Spider:1 | Gained mutation: You have sharp toenails. [mutagenic glow]
 18832 | Spider:1 | Gained mutation: You have hidden genetic potential.
                  | [mutagenic glow]
 19950 | Spider:1 | Reached skill level 15 in Ranged Weapons
 21018 | Orc:1    | Noticed Jorgrun
 21257 | Orc:1    | Reached **** piety under Qazlal
 21457 | D:10     | Killed Jorgrun
 21458 | D:10     | Reached skill level 10 in Fighting
 22207 | Orc:1    | Identified the +6 flail of Iconoclasm {pain, rF- Str+2
                  | Dex+3}
 22676 | Orc:1    | Got the Encyclopedia of Topological Lightning
 22853 | Orc:1    | Got the Thoughts on Metamorphosis and Toxicants
 22870 | Orc:1    | Learned a level 3 spell: Confusing Touch
 23056 | Swamp:1  | Entered Level 1 of the Swamp
 23223 | Swamp:1  | Noticed Josephine
 23235 | Swamp:1  | Killed Josephine
 23808 | Swamp:1  | Reached skill level 5 in Shields
 23884 | Swamp:1  | Reached ***** piety under Qazlal
 23955 | Swamp:2  | Reached XP level 16. HP: 88/123 MP: 25/25
 24280 | Swamp:2  | Gained mutation: You have a pair of small antennae on your
                  | head. [hidden potential]
 24321 | Swamp:2  | Lost mutation: You have sharp toenails. [potion of
                  | mutation]
 24321 | Swamp:2  | Lost mutation: You have hidden genetic potential. [potion
                  | of mutation]
 24321 | Swamp:2  | Lost mutation: Your movements are slightly less encumbered
                  | by armour. (ER -2) [potion of mutation]
 24321 | Swamp:2  | Gained mutation: You occasionally lose the ability to drink
                  | potions when taking damage. [potion of mutation]
 24322 | Swamp:2  | Lost mutation: You occasionally lose the ability to drink
                  | potions when taking damage. [potion of mutation]
 24322 | Swamp:2  | Lost mutation: You have a pair of small antennae on your
                  | head. [potion of mutation]
 24322 | Swamp:2  | Gained mutation: You are vulnerable to heat. (rF-) [potion
                  | of mutation]
 24322 | Swamp:2  | Gained mutation: You have hidden genetic defects. [potion
                  | of mutation]
 24323 | Swamp:2  | Lost mutation: You have hidden genetic defects. [potion of
                  | mutation]
 24323 | Swamp:2  | Lost mutation: You are vulnerable to heat. (rF-) [potion of
                  | mutation]
 24323 | Swamp:2  | Gained mutation: Your spells are a little easier to cast,
                  | but a little less powerful. [potion of mutation]
 24323 | Swamp:2  | Gained mutation: Your magical capacity is low. (-10% MP)
                  | [potion of mutation]
 24348 | Swamp:2  | Reached skill level 16 in Ranged Weapons
 25043 | Lair:4   | Noticed Kirke
 25201 | Lair:4   | Killed Kirke
 25734 | Lair:4   | Found a viscous altar of Jiyva.
 25741 | Lair:4   | Found a staircase to the Slime Pits.
 25907 | Lair:5   | Entered Level 5 of the Lair of Beasts
 26182 | Lair:5   | Reached ****** piety under Qazlal
 26488 | Lair:5   | Identified the +6 trident of Youthful Indiscretion {drain,
                  | rCorr SInv Stlth-}
 26492 | Lair:5   | Lost mutation: Your magical capacity is low. (-10% MP)
                  | [potion of mutation]
 26492 | Lair:5   | Lost mutation: Your spells are a little easier to cast, but
                  | a little less powerful. [potion of mutation]
 26492 | Lair:5   | Gained mutation: You expend magic power (3 MP) to
                  | strengthen your wands. [potion of mutation]
 26492 | Lair:5   | Gained mutation: Your body sometimes deteriorates upon
                  | taking damage. [potion of mutation]
 26894 | D:13     | Found a shadowy altar of Dithmenos.
 27321 | D:13     | Reached skill level 17 in Ranged Weapons
 27658 | D:13     | Found Zofel's Book Emporium.
 27666 | D:13     | Bought a book of Maledictions for 390 gold pieces
 27780 | D:14     | Noticed Rupert
 27780 | D:14     | Noticed Urug
 27780 | D:14     | Found a gate to the Vaults.
 28015 | D:14     | Gained mutation: Your touch may irresistibly damage your
                  | foes and sap their willpower. [demonic ancestry]
 28015 | D:14     | Reached XP level 17. HP: 131/131 MP: 26/26
 28027 | D:14     | Killed Rupert
 28032 | D:14     | Killed Urug
 28127 | D:14     | Reached skill level 10 in Invocations
 28259 | D:14     | Found a stormy altar of Qazlal.
 28325 | D:14     | Found a portal to a secret trove of treasure.
 28663 | D:15     | Entered Level 15 of the Dungeon
 28714 | D:15     | Found Xocareck's Weapon Emporium.
 28911 | D:15     | Found a staircase to the Depths.
 28915 | D:15     | Identified the -1 hat of Dogma {rF+ Will+}
 29989 | Orc:2    | Entered Level 2 of the Orcish Mines
 30265 | Orc:2    | Found Idown's General Store.
 30274 | Orc:2    | Found Gymueceu's Assorted Antiques.
 30276 | Orc:2    | Found Nuttueni's Assorted Antiques.
 30322 | Orc:2    | Bought a box of beasts for 600 gold pieces
 30340 | Orc:2    | Bought 2 scrolls of teleportation for 180 gold pieces
 30366 | Orc:2    | Found Femaecw's Jewellery Shoppe.
 30369 | Orc:2    | Bought a scroll of teleportation for 66 gold pieces
 30369 | Orc:2    | Bought a potion of mutation for 176 gold pieces
 30369 | Orc:2    | Lost mutation: You expend magic power (3 MP) to strengthen
                  | your wands. [potion of mutation]
 30369 | Orc:2    | Lost mutation: Your body sometimes deteriorates upon taking
                  | damage. [potion of mutation]
 30369 | Orc:2    | Gained mutation: You are vulnerable to heat. (rF-) [potion
                  | of mutation]
 30369 | Orc:2    | Gained mutation: Your muscles are strong. (Str +4, Int/Dex
                  | -1) [potion of mutation]
 30369 | Orc:2    | Gained mutation: Your flesh is cold resistant. (rC+)
                  | [potion of mutation]
 30378 | Orc:2    | Found a staircase to the Elven Halls.
 30695 | Elf:1    | Entered Level 1 of the Elven Halls
 30887 | Elf:1    | Found Ceehe's Distillery.
 30889 | Elf:1    | Found Reclewoo's General Store.
 30891 | Elf:1    | Found Zelesoes's Antique Armour Shop.
 30934 | Elf:1    | Bought a potion of heal wounds for 85 gold pieces
 31043 | Elf:1    | Noticed Asterion
 31055 | Elf:1    | Killed Asterion
 31116 | Elf:1    | Reached skill level 18 in Ranged Weapons
 31411 | Elf:1    | Noticed Agnes
 31415 | Elf:1    | Killed Agnes
 31449 | Elf:1    | You fall into a shaft and drop 1 floor!
 31460 | Elf:2    | Gained mutation: You are powered by pain. [demonic
                  | ancestry]
 31460 | Elf:2    | Reached XP level 18. HP: 134/142 MP: 18/27
 31555 | Elf:2    | Found a runed translucent gate.
 31555 | Elf:2    | Found a runed translucent gate.
 31780 | Elf:2    | Found a runed translucent gate.
 31891 | Elf:2    | Reached skill level 10 in Dodging
 32556 | Elf:1    | Got Culemoh's Almanac of Ectoplasm
 32834 | Elf:2    | Noticed Saint Roka
 33096 | Elf:2    | Killed Saint Roka
 33308 | Elf:2    | Identified the +3 long sword of Acsatha {flame, rPois rN+
                  | rCorr Stlth+}
 33552 | Elf:3    | Entered Level 3 of the Elven Halls
 33672 | Abyss:3  | Found a corrupted altar of Lugonu.
 33672 | Abyss:3  | Cast into level 3 of the Abyss (a deep elf sorcerer)
 33748 | Abyss:3  | Noticed a profane servitor
 34084 | Elf:3    | Escaped the Abyss
 34383 | Spider:2 | You fall into a shaft and drop 1 floor!
 34591 | Spider:3 | Gained mutation: Your melee attacks may debilitate your
                  | foes. [demonic ancestry]
 34591 | Spider:3 | Reached XP level 19. HP: 151/151 MP: 28/28
 35052 | Spider:2 | Reached skill level 10 in Armour
 35898 | Spider:3 | Reached skill level 19 in Ranged Weapons
 36718 | Swamp:3  | Reached skill level 10 in Hexes
 36893 | Swamp:3  | Noticed Mlioglotl
 36897 | Swamp:3  | Killed Mlioglotl
 36928 | Swamp:3  | Noticed Nikola
 36949 | Swamp:3  | Noticed Donald
 36950 | Swamp:3  | Killed Nikola
 36953 | Swamp:3  | Killed Donald
 37057 | Swamp:3  | Noticed Mara
 37059 | Swamp:3  | Noticed gelatine's illusion
 37069 | Swamp:3  | Killed Mara
 37834 | Elf:1    | Bought an encrusted leather armour for 182 gold pieces
 37834 | Elf:1    | Identified the +2 leather armour of Knowledge {Fly rF+
                  | Will+ Str+2} (You bought it in a shop on level 1 of the
                  | Elven Halls)
 38222 | Depths:1 | Entered Level 1 of the Depths
 38273 | Depths:1 | Reached skill level 1 in Long Blades
 38386 | Depths:1 | Slain by an iron troll

Illustrated notes

Levels and vault maps discovered:
D:1:      onia_arrival_pyramid, layout_basic, serial_shops, nicolae_shop_stone
D:2:      layout_rooms, uniq_robin
D:3:      layout_basic, grunt_temple_overflow_order_and_chaos_2,
          hangedman_ru_absence, dreamdust_ecumenical_altar_grove,
          minmay_distorted, uniq_crazy_yiuf_cottage, uniq_ijyb, uniq_terence
D:4:      layout_loops_corners, guppyfry_early_lair_pool
D:5:      layout_rooms, enter_ossuary_5, lemuel_flamethrower_2, uniq_duvessa
D:6:      layout_cave_pools, nemelex_spade_bored_becter,
          minmay_temple_entry_trees, gammafunk_ghost_split, portal_sewer_entry_d
D:7:      layout_basic
D:8:      layout_basic, mainiacjoe_overflow_surrounded_room,
          serial_bayou_pond_e, minivault_27
D:9:      layout_rooms, mainiacjoe_overflow_catwalk_spiral, minitemple,
          david_lair_generic, serial_park_tiny_1
D:10:     layout_irregular_city, lemuel_doored_altar, david_orc_2, uniq_psyche
D:11:     layout_roguey, xom_redecorated
D:12:     layout_irregular_city, serial_shops, bzr_entry_dummy,
          nicolae_diamond_shop, shop, kennysheep_mini, nicolae_square_shop
D:13:     nicolae_aperiodic_l_corner, layout_basic, serial_shops, shop,
          nicolae_dithmenos_shadow_blocks
D:14:     layout_gridville, david_vaults_3, nicolae_trove_entry_crossroad,
          grunt_qazlal_clouds
D:15:     grunt_enter_depths_hoard, layout_basic, serial_shops,
          nicolae_shop_bloodbath_and_beyond, grunt_decor_fettered
Temple:   nicolae_temple_two_arcs
Lair:1:   layout_regular_city, chequers_serial_rivers_marsh,
          chequers_serial_rivers_large_a
Lair:2:   layout_roguey, pond
Lair:3:   layout_gridlike, palyth_hydra_swamp_entry,
          nicolae_spider_entry_lesser_pyramids, minmay_shattered_shrine,
          uniq_rupert
Lair:4:   layout_regular_city, minmay_slime_entry_oklob_enclosed,
          grunt_megastairs_3, uniq_kirke
Lair:5:   gammafunk_lair_ancient_temple, layout_loops_ring
Swamp:1:  layout_falls_marsh, evilmike_swamp_ruin_rubble_1, swamp_pool2,
          uniq_josephine
Swamp:2:  layout_basic_swamp, evilmike_swamp_ruin_house_3, swamp_pool2,
          nicolae_swamp_vermiculated
Swamp:3:  layout_basic_swamp, nicolae_swamp_tree_designs, swamp_pool1,
          ldierk_geyser, nicolae_swamp_no_escape, uniq_mlioglotl, uniq_donald,
          uniq_mara, uniq_nikola
Spider:1: layout_chambers
Spider:2: layout_spider_delve, hangedman_spider_tarantella_strand
Spider:3: layout_cave_pods
Orc:1:    layout_diamond_mine, minmay_orc_treasury, uniq_jorgrun
Orc:2:    st_orc_open, layout_caves
Elf:1:    elf_arrival_002, layout_gridlike, serial_glass, glass_columns_a,
          glass_columns_a, due_unseen_surprise, item_on_display_a,
          minmay_strange_pillars, feat_on_display, minmay_elf_necromancy,
          grunt_megastairs_1, minmay_shop_star, uniq_asterion, uniq_agnes
Elf:2:    nicolae_elf_blades_crystal_corner, layout_onion_city, uniq_saint_roka
Elf:3:    minmay_elf_hall_curves, layout_gridlike, nicolae_elf_v_pinch
Depths:1: layout_cross, hangedman_coc_ice_floe, kennysheep_boxes,
          hangedman_summoners_spam

Skill      XL: |  1  2  3  4  5  6  7  8  9 10 11 12 13 14 15 16 17 18 19 |
---------------+----------------------------------------------------------+-----
Ranged Weapons | 4 5 6 7 9 10 11 12 13 14 15 17 18 19 | 19.1
Dodging        | 2 3 4 5 6 7 8 9 10 11 | 11.3
Stealth        | 1 2 3 4 5 6 |  6.1
Evocations     | 1 |  1.2
Armour         | 1 2 3 4 5 6 7 8 9 10 | 10.3
Fighting       | 3 4 5 6 7 8 9 10 11 12 13 14 | 14.5
Hexes          | 2 3 5 6 7 8 9 10 | 10.3
Invocations    | 2 4 6 7 8 9 11 12 | 12.8
Translocations | 1 3 4 5 6 |  6.1
Spellcasting   | 1 3 4 5 6 |  6.3
Shields        | 1 2 3 5 7 8 |  8.6
Long Blades    | 1 |  1.7
Unarmed Combat | |  0.6

Action                     |  1- 3 |  4- 6 |  7- 9 | 10-12 | 13-15 | 16-18 | 19-21 || total
---------------------------+-------+-------+-------+-------+-------+-------+-------++-------
  Melee: Shortbow          |       |     3 |       |       |       |       |       ||     3
         Unarmed           |       |       |       |       |       |     9 |       ||     9
         Demon blade       |       |       |       |       |       |       |    53 ||    53
         Touch             |       |       |       |       |       |       |     1 ||     1
   Fire: Shortbow          |    87 |   169 |   416 |   704 |   796 |       |       ||  2172
         Arbalest          |       |       |       |       |   206 |  1476 |   195 ||  1877
   Cast: Portal Projectile |       |       |       |    12 |     7 |     7 |     3 ||    29
         Tukima's Dance    |       |       |       |       |     9 |     6 |       ||    15
         Confusing Touch   |       |       |       |       |       |     2 |       ||     2
 Invoke: Upheaval          |       |       |       |     2 |     6 |     2 |       ||    10
         Elemental Force   |       |       |       |     3 |     2 |     8 |     2 ||    15
         Disaster Area     |       |       |       |       |       |     6 |     4 ||    10
  Evoke: Wand              |       |       |     3 |     3 |     8 |     1 |    14 ||    29
         Box of beasts     |       |       |       |       |       |     2 |     2 ||     4
    Use: Scroll            |       |     6 |    13 |    15 |     8 |    13 |     4 ||    59
         Potion            |       |       |     4 |     5 |    13 |    21 |     5 ||    48
 Armour: Leather armour    |    12 |    27 |    46 |       |    91 |   262 |    95 ||   533
         Robe              |       |       |    43 |   171 |   103 |       |       ||   317
  Dodge: Dodged            |    23 |    42 |   154 |   377 |   402 |   647 |   273 ||  1918
         Repelled          |       |       |       |       |     3 |    25 |     8 ||    36
  Block: Other             |       |       |     1 |    72 |   101 |   285 |    65 ||   524
         Buckler           |       |       |       |       |       |       |    72 ||    72

Table legend: (Time is in decaauts)
 A = Elapsed time spent in this place.
 B = Non-inter-level travel time spent in this place.
 C = Inter-level travel time spent in this place.
 D = Time resting spent in this place.
 E = Time spent auto-exploring this place.
 F = Levels seen in this place.
 G = Mean time per level.
                   A        B        C        D        E       F      G
               +--------+--------+--------+--------+--------+-----+--------+
         Total |  38918 |  34868 |   4050 |     25 |  26971 |  37 | 1051.8 |
       Dungeon |  17109 |  14773 |   2336 |      0 |  11767 |  15 | 1140.6 |
        Temple |    120 |    114 |      6 |      0 |    100 |   1 |  120.0 |
          Lair |   7627 |   6890 |    737 |     25 |   5644 |   5 | 1525.4 |
         Swamp |   2951 |   2833 |    118 |      0 |   2176 |   3 |  983.7 |
   Spider Nest |   4124 |   3818 |    306 |      0 |   2965 |   3 | 1374.7 |
  Orcish Mines |   2091 |   1871 |    220 |      0 |   1296 |   2 | 1045.5 |
   Elven Halls |   3252 |   2927 |    325 |      0 |   2143 |   3 | 1084.0 |
        Depths |    151 |    151 |      0 |      0 |     52 |   1 |  151.0 |
         Abyss |    422 |    422 |      0 |      0 |     47 |   1 |  422.0 |
        Bazaar |    175 |    175 |      0 |      0 |    146 |   1 |  175.0 |
         Sewer |    782 |    782 |      0 |      0 |    616 |   1 |  782.0 |
       Ossuary |    109 |    109 |      0 |      0 |     17 |   1 |  109.0 |
               +--------+--------+--------+--------+--------+-----+--------+

Top non-repeatable levels by time:
  Lair:3: 2516 daAuts
    D:10: 2474 daAuts
  Lair:2: 2316 daAuts
Spider:1: 1874 daAuts
   Elf:2: 1663 daAuts
   Elf:1: 1508 daAuts
     D:6: 1405 daAuts
    D:11: 1376 daAuts
   Orc:1: 1270 daAuts
Spider:2: 1248 daAuts
    D:15: 1247 daAuts
     D:3: 1209 daAuts
    D:13: 1177 daAuts
     D:9: 1175 daAuts
     D:5: 1150 daAuts
